cohdb
Replays
Latest Replays
All Replays
Popular Replays
Top Player Replays
Match Explorer
How It Works
Community
CoH3 Stats
Reddit
Sign in to upload your games and track your stats! →
Sign in with Steam
Match 42633897
Unlisted
Match 42633897
Overview
Messages
Build Orders
End
Kettenkrad Recon Vehicle
Construct Infanterie Kompanie
Selects Mechanized Battlegroup
MG 42 Machine Gun Team
GrW 34 Mortar Team
Grenadier Squad
Construct Panzergrenadier Kompanie
251 Medium Carrier
Selects Mobile Repair Stations
251 Medium Carrier
Pak 40 Anti-tank Gun Team
Medical Station
Selects Raid Package
Sekrit Dokuments
Kooshaba
BonJoviRavioli
Unsafe
Orange
Mercenary
ULTIMATE
Addictus Caesar
0
0
Comments
sign in to comment!
No comments posted yet!